 Dungeon Crawl Stone Soup version 0.18.1-48-g4cf74bf (webtiles) character file.

46 DungeonyCrawlthano the Insei (level 3, 0/29 HPs)
             Began as a Demonspawn Monk on Aug 12, 2016.
             Slain by a bat (1 damage)
             ... on level 1 of the Dungeon.
             The game lasted 00:02:07 (1305 turns).

DungeonyCrawlthano the Insei (Demonspawn Monk)      Turns: 1305, Time: 00:02:08

Health: 0/29       AC:  4    Str: 11    XL:     3   Next: 44%
Magic:  3/3        EV: 13    Int: 11    God:
Gold:   48         SH:  0    Dex: 16    Spells: 0 memorised, 2 levels left

rFire  . . .     SeeInvis .       - Unarmed
rCold  . . .     Gourm    .     a - +1 robe
rNeg   . . .     Faith    .     (no shield)
rPois  .         Spirit   .     (no helmet)
rElec  .         Dismiss  .     (no cloak)
rCorr  .         Reflect  .     (no gloves)
SustAt .         Harm     .     (no boots)
MR     .....                    (no amulet)
Stlth  ++........               (no ring)
                                (no ring)

@: not resistant to hostile enchantments, unstealthy
A: rugged brown scales 1
a: no special abilities


You were on level 1 of the Dungeon.
You were not hungry.

You visited 1 branch of the dungeon, and saw 2 of its levels.

You collected 48 gold pieces.

Inventory:

Armour
 a - a +1 robe (worn)
Jewellery
 d - a cursed ring of magical power {unknown}
Scrolls
 c - a scroll of enchant armour
Potions
 e - a potion of resistance
 g - a potion of cure mutation {unknown}
 h - 2 potions of degeneration {unknown}
 i - a potion of brilliance {unknown}
 j - a potion of haste {unknown}
 l - 2 potions of curing {unknown}
Comestibles
 b - a bread ration
 f - 2 meat rations
 k - a chunk of flesh


   Skills:
 - Level 3.0 Fighting
 - Level 2.6 Dodging
 - Level 1.7 Stealth
 + Level 4.7 Unarmed Combat


You had 2 spell levels left.
You didn't know any spells.

Dungeon Overview and Level Annotations

Branches:
Dungeon (2/15)

Altars:

Annotations:
D:1 Jessica


Innate Abilities, Weirdness & Mutations

You are partially covered in rugged brown scales (AC +1, +3% HP).


Message History

Jessica shouts, "You're disturbing me!
I'll have to kill you!" Jessica hits you but does no damage.
You barely miss Jessica.
Jessica is moderately wounded.
The bat hits you but does no damage. The bat closely misses you.
Jessica hits you with a dagger.
* * * LOW HITPOINT WARNING * * *
Unknown command.
You closely miss Jessica.
Jessica is moderately wounded.
You feel yourself speed up. The bat misses you.
Jessica gestures wildly while chanting.
Jessica blinks!
Jessica hits you but does no damage.
You hit Jessica but do no damage. You punch Jessica.
Jessica is heavily wounded.
You hit Jessica.
Jessica is heavily wounded.
The bat hits you.
You die...

...'..>....# #.#.# #.#
...#.......#####...#### #.#
##########>...........# #.#
..###### #######..##### #.##
..##...########...# #..#
.....####......÷..##########.#
................>.........##.#
.......##.#####.#§####..####.#
.......#..# #.@.##...## #.#
.......#.## ###@b###.### #.#
.........####........# #.#
.......)......#..###### #.#
.......########..##...#
####.### .......# #..##...#
#.....># .......#
#..##...###......# ########
###..##............# #
#....##...###......#


You could see Jessica and a bat.

Vanquished Creatures
  An ooze (D:1)
  2 worms (D:1)
  3 dart slugs (D:1)
  2 giant geckos (D:1)
  4 bats (D:1)
  4 goblins
  3 hobgoblins (D:1)
  5 kobolds (D:1)
  A ball python (D:1)
  3 rats (D:1)
28 creatures vanquished.

Notes
Turn   | Place    | Note
--------------------------------------------------------------
     0 | D:1      | DungeonyCrawlthano the Demonspawn Monk began the quest for the Orb.
     0 | D:1      | Reached XP level 1. HP: 18/18 MP: 1/1
    61 | D:1      | Reached skill level 4 in Unarmed Combat
   234 | D:1      | Gained mutation: You are partially covered in rugged brown scales (AC +1, +3% HP). [demonic ancestry]
   234 | D:1      | Reached XP level 2. HP: 15/24 MP: 2/2
   570 | D:1      | Reached XP level 3. HP: 29/29 MP: 3/3
   915 | D:2      | Noticed Jessica
  1302 | D:1      | HP: 1/29 [Jessica/dagger (3)]
  1305 | D:1      | Slain by a bat

Skill      XL: |  1 |
---------------+----+-----
Unarmed Combat | 4 |  4.7
Fighting       | |  3.0
Dodging        | |  2.6
Stealth        | |  1.7

Action                   || total
-------------------------++-------
Melee: Unarmed           ||   112
       Punch             ||     1
  Use: Scroll            ||     4
 Stab: Sleeping          ||     1
  Eat: Chunk             ||     1
Armor: Robe              ||    33
Dodge: Dodged            ||    95
